AoeStats
← web

African Clearing

506031520Analyzed
4v4 RM · 20d ago on Sep 12, 2026· 33m 7s· 8 players
Game mode
Random Map
Map size
Large (8 player)
Population
200
Speed
Normal
Resources
Standard
Victory
Conquest
Starting age
Dark Age
Ending age
Imperial Age
RankedLock teamsTeams togetherTeam positionsShared explorationLock speedFull tech treeHidden civsTurbo modeCheats
Victory
Defeat
🇹🇼 Poles · Taiwan
1260
+15
🇨🇳 Chinese · China
1255
+15
🇭🇰 Turks · Hong Kong SAR China
1253
+30
🇺🇸 Spanish · United States
1229
+16
🇺🇸 Mongols · United States
1242
-16
🇨🇱 Franks · Chile
1239
-15
🇦🇷 Malay · Argentina
1238
-15
🇦🇪 Lithuanians · United Arab Emirates
1238
-15
web
9:28 Loom
9:46 Loom
14:49 Feudal Age
18:30 Castle Age
16:51 Double-Bit Axe
19:47 Fletching
20:54 Bodkin Arrow
24:02 Bow Saw
28:14 Padded Archer Armor
31:34 Husbandry
32:26 Ballistics
Pandita Bebe
9:03 Loom
13:43 Feudal Age
17:48 Castle Age
17:26 Double-Bit Axe
17:22 Horse Collar
18:33 Fletching
20:23 Town Watch
23:05 Bodkin Arrow
23:28 Crossbowman
26:50 Padded Archer Armor
28:24 Thumb Ring
CilleR
5:42 Loom
17:06 Feudal Age
21:34 Castle Age
21:31 Double-Bit Axe
31:07 Town Watch
-DOKO-
5:31 Loom
13:19 Feudal Age
14:03 Double-Bit Axe
15:13 Forging
24:56 Castle Age
24:55 Scale Barding Armor
25:55 Bow Saw
28:54 Town Watch
[GWJ] Birgitte
12:57 Loom
14:47 Feudal Age
19:15 Castle Age
17:29 Double-Bit Axe
19:34 Horse Collar
20:58 Heavy Plow
21:11 Bow Saw
28:23 Padded Archer Armor
Red
10:57 Loom
13:10 Loom
15:14 Feudal Age
17:11 Bloodlines
17:36 Horse Collar
21:01 Scale Barding Armor
21:00 Double-Bit Axe
22:07 Forging
22:55 Gold Mining
22:55 Stone Mining
27:19 Castle Age
27:35 Light Cavalry
29:54 Chain Barding Armor
1984
2:56 Loom
14:28 Feudal Age
18:15 Castle Age
16:11 Double-Bit Axe
16:19 Gold Mining
19:34 Wheelbarrow
20:03 Bow Saw
20:31 Hand Cart
20:47 Horse Collar
24:26 Heavy Plow
27:18 Stone Mining
28:34 Gold Shaft Mining
32:56 Imperial Age
33:05 Elite Janissary
巨大的问号
2:45 Loom
10:41 Feudal Age
18:58 Castle Age
17:11 Gold Mining
17:08 Double-Bit Axe
17:48 Horse Collar
18:38 Scale Barding Armor
18:53 Forging
20:03 Scale Mail Armor
21:02 Bow Saw
22:07 Wheelbarrow
22:38 Chain Mail Armor
24:50 Horse Collar
29:45 Heavy Plow
30:25 Gold Shaft Mining
31:28 Stone Mining
34:20 Imperial Age
32:45 Hand Cart
Connection lost

Rejoining the realm…

Still unreachable

The connection could not be restored.

Session expired

The server has moved on; the page needs a fresh start.